 Dungeon Crawl Stone Soup version 0.21.1-1-g345015fe64 (webtiles) character file.

1920 3rdEnemy the Covered (level 8, -3/64 HPs)
             Began as a Demonspawn Fighter on July 13, 2018.
             Was an Initiate of Okawaru.
             Slain by an orc warrior
             ... wielding a +0 dire flail
              (13 damage)
             ... on level 7 of the Dungeon.
             The game lasted 00:25:10 (5021 turns).

3rdEnemy the Covered (Demonspawn Fighter)           Turns: 5021, Time: 00:25:11

Health: -3/64      AC: 16    Str: 19    XL:     8   Next: 95%
Magic:  8/8        EV:  6    Int: 10    God:    Okawaru [......]
Gold:   335        SH: 15    Dex: 17    Spells: 7/7 levels left

rFire    . . .     SeeInvis .   b - +5 short sword
rCold    . . .     Gourm    .   c - +0 shield
rNeg     . . .     Faith    .   p - +0 chain mail
rPois    .         Spirit   .   q - +2 helmet
rElec    .         Reflect  .   (no cloak)
rCorr    .         Harm     .   j - +1 pair of gloves
MR       .....                  (no boots)
Stlth    ..........             (no amulet)
HPRegen  0.20/turn              t - +3 ring of dexterity
MPRegen  0.11/turn              w - +2 ring of strength

@: no status effects
A: talons 2, large bone plates 1, agile 1, demonic guardian 1, weak 1
a: Renounce Religion


You were on level 7 of the Dungeon.
You worshipped Okawaru.
Okawaru was noncommittal.
You were not hungry.

You visited 2 branches of the dungeon, and saw 8 of its levels.

You collected 335 gold pieces.

Inventory:

Hand Weapons
 a - a +0 war axe
 b - a +5 short sword (weapon)
 m - a +2 flail of protection
Armour
 c - a +0 shield (worn)
 j - a +1 pair of gloves (worn)
 p - a +0 chain mail (worn)
 q - a +2 helmet (worn)
Jewellery
 o - an uncursed ring of ice
 t - a +3 ring of dexterity (left hand)
 w - a +2 ring of strength (right hand)
Wands
 n - a wand of flame (26)
 v - a wand of digging (12)
Scrolls
 g - 4 scrolls of identify
 s - 2 scrolls of teleportation
 x - a scroll of enchant armour
 y - a scroll of remove curse
 z - a scroll of fear {unknown}
 A - a scroll of amnesia
Potions
 d - 2 potions of might
 h - a potion of resistance
 i - a potion of berserk rage
 k - a potion of haste
 u - a potion of ambrosia {unknown}
Books
 e - a book of Changes

   Spells                             Type                      Level
   a - Beastly Appendage              Transmutation                1
   b - Sticks to Snakes               Transmutation                2
   c - Spider Form                    Transmutation/Poison         3
   d - Ice Form                       Ice/Transmutation            4
   e - Blade Hands                    Transmutation                5
Comestibles
 f - 15 rations
 r - 2 chunks of flesh


   Skills:
 + Level 6.2 Fighting
 + Level 4.5 Axes
 * Level 6.6 Armour
 * Level 6.5 Shields


You had 7 spell levels left.
You didn't know any spells.

Dungeon Overview and Level Annotations

Branches:
Dungeon (7/15)             Temple (1/1) D:6

Altars:
Ashenzari
Cheibriados
Elyvilon
Fedhas
Gozag
Hepliaklqana
Kikubaaqudgha
Makhleb
Nemelex Xobeh
Okawaru
Qazlal
Ru
Trog
Uskayaw
Vehumet
Xom
Yredelemnul
Zin
The Shining One


Innate Abilities, Weirdness & Mutations

You have razor-sharp toenails.
You are partially covered in large bone plates. (SH +4)
A weak demonic guardian rushes to your aid.
You are agile. (Dex +2)
You are weak. (Str -2)


Message History

Unknown command.
You puncture the orc!
You kill the orc!
The worker ant zombie closely misses your iron imp.
The orc warrior hits you but does no damage.
The orc priest invokes the aid of Beogh against you.
Beogh smites you!
* * * LOW HITPOINT WARNING * * *
Okay, then.
You feel much better.
The orc priest calls down the wrath of Beogh upon you.
Beogh smites you!
* * * LOW HITPOINT WARNING * * *
You block the orc warrior's attack.
Your iron imp hits the orc warrior.
You hit the orc warrior but do no damage.
The orc warrior is almost dead.
The worker ant zombie bites your iron imp but does no damage.
The orc priest hits your iron imp with a club.
The orc warrior hits you with a dire flail!
You die...

#.#### #####...
####....####.....##
##....##.......####
##....#####..####
#.....# #...#
##...## ##..# #
##..# #..# #. #..#
##.# .. #o@# ..
##5## ... #Zo######
#.).....#####
#...........#.
#...o.........
#.............
#.....o.......
#.......!oo....


You could see an orc warrior, an orc priest, a worker ant zombie and a friendly
iron imp.

Vanquished Creatures
  A hippogriff (D:6)
  An orc warrior (D:7)
  A black bear (D:6)
  An ogre (D:6)
  A centaur (D:4)
  3 bullfrogs
  A crimson imp (D:5)
  A bullfrog zombie (D:6)
  An orc priest (D:7)
  2 jellies (D:4)
  An orc wizard (D:6)
  Natasha (twice) (D:2)
  2 iguanas (D:5)
  6 worker ants
  A worker ant zombie (D:6)
  5 gnolls
  7 adders
  8 oozes (D:4)
  An adder skeleton (D:5)
  A worm (D:5)
  13 dart slugs
  3 leopard geckos
  13 orcs
  6 bats
  5 giant cockroaches
  3 goblins
  5 hobgoblins
  12 jackals
  5 quokkas
  7 frilled lizards
  12 kobolds
  A quokka skeleton (D:5)
  8 rats
  2 fungi
142 creatures vanquished.

Vanquished Creatures (collateral kills)
  The ghost of tensugalgo the Grappler, a novice NaAs of Cheibriados (D:6)
  A hornet (D:7)
  An ogre (D:4)
  Natasha (D:2)
  2 gnolls (D:6)
  An adder (D:4)
  4 orcs (D:7)
  2 giant cockroaches
  2 goblins (D:2)
  A hobgoblin (D:2)
  2 quokkas
  A ball python (D:2)
  A kobold (D:2)
  A rat (D:2)
  2 butterflies (D:2)
  A fungus (D:2)
24 creatures vanquished.

Vanquished Creatures (others)
  A fungus (D:4)
  8 toadstools (D:4)
9 creatures vanquished.

Grand Total: 175 creatures vanquished

Notes
Turn   | Place    | Note
-------+----------+-------------------------------------------
     0 | D:1      | 3rdEnemy the Demonspawn Fighter began the quest for the Orb.
     0 | D:1      | Reached XP level 1. HP: 18/18 MP: 1/1
   554 | D:2      | Gained mutation: A weak demonic guardian rushes to your aid. [demonic ancestry]
   554 | D:2      | Reached XP level 2. HP: 23/24 MP: 2/2
   618 | D:2      | Found a white marble altar of Elyvilon.
   694 | D:2      | Found a faded altar of an unknown god.
   706 | D:2      | Gained mutation: You have sharp toenails. [demonic ancestry]
   706 | D:2      | Reached XP level 3. HP: 22/29 MP: 3/3
   767 | D:2      | Noticed Natasha
   771 | D:2      | Killed Natasha
   785 | D:2      | Gained mutation: You are partially covered in large bone plates. (SH +4) [demonic ancestry]
   785 | D:2      | Reached XP level 4. HP: 31/37 MP: 4/4
   845 | D:2      | Noticed Natasha
   845 | D:2      | Found a shattered altar of Ashenzari.
   852 | D:2      | Killed Natasha
   861 | D:2      | Found a blossoming altar of Fedhas.
   863 | D:2      | Noticed Natasha
   869 | D:2      | Killed Natasha
   874 | D:2      | Found a shimmering altar of Xom.
  1017 | D:2      | Found a basalt altar of Yredelemnul.
  1114 | D:3      | Reached XP level 5. HP: 42/42 MP: 5/5
  1133 | D:3      | Found an iron altar of Okawaru.
  1907 | D:4      | Noticed a centaur
  1916 | D:4      | Killed a centaur
  2056 | D:4      | Reached XP level 6. HP: 25/49 MP: 6/6
  2057 | D:4      | Found a hide-covered altar of Uskayaw.
  2187 | D:4      | Noticed a cacodemon
  2188 | D:4      | Found a burning altar of Makhleb.
  2192 | D:4      | Found a glowing silver altar of Zin.
  2192 | D:4      | Noticed an angel
  2879 | D:5      | Entered Level 5 of the Dungeon
  3051 | D:5      | Gained mutation: You are agile. (Dex +2) [potion of mutation]
  3051 | D:5      | Lost mutation: You are agile. (Dex +2) [potion of mutation]
  3051 | D:5      | Gained mutation: You are weak. (Str -2) [potion of mutation]
  3051 | D:5      | Gained mutation: You are agile. (Dex +2) [potion of mutation]
  3072 | D:5      | Gained mutation: You have razor-sharp toenails. [demonic ancestry]
  3072 | D:5      | Reached XP level 7. HP: 55/55 MP: 7/7
  3157 | D:5      | Reached skill level 5 in Fighting
  3509 | D:5      | Found an ancient bone altar of Kikubaaqudgha.
  3582 | D:5      | Found a sacrificial altar of Ru.
  3851 | D:6      | Reached skill level 5 in Armour
  3867 | D:6      | Reached skill level 5 in Shields
  3890 | D:6      | Noticed tensugalgo's ghost (novice NaAs)
  3913 | D:6      | Killed tensugalgo's ghost
  3913 | D:6      | Reached XP level 8. HP: 64/64 MP: 8/8
  4001 | D:6      | Found a staircase to the Ecumenical Temple.
  4140 | D:6      | Noticed a hippogriff
  4154 | D:6      | Killed a hippogriff
  4437 | Temple   | Entered the Ecumenical Temple
  4712 | D:3      | Became a worshipper of Warmaster Okawaru
  4898 | D:7      | Noticed a hornet
  4905 | D:7      | Paralysed by a hornet for 2 turns
  4913 | D:7      | Killed a hornet
  5021 | D:7      | Slain by an orc warrior

Skill      XL: |  1  2  3  4  5  6  7  8 |
---------------+-------------------------+-----
Axes           | 2 3 4 |  4.5
Armour         | 3 4 5 6 |  6.6
Shields        | 3 4 5 6 |  6.5
Fighting       | 4 5 6 |  6.2

Action                   |  1- 3 |  4- 6 |  7- 9 || total
-------------------------+-------+-------+-------++-------
Melee: War axe           |    87 |   195 |       ||   282
       Kick              |     1 |    60 |    68 ||   129
       Flail             |       |     4 |       ||     4
       Short sword       |       |     2 |   172 ||   174
  Use: Scroll            |       |     8 |       ||     8
       Potion            |       |     7 |     1 ||     8
 Stab: Distracted        |       |       |     1 ||     1
  Eat: Chunk             |       |     8 |     6 ||    14
Armor: Scale mail        |    58 |    77 |       ||   135
       Chain mail        |       |     3 |    76 ||    79
Dodge: Dodged            |    26 |    43 |    24 ||    93
Block: Shield            |    51 |   162 |   139 ||   352
